 Dungeon Crawl Stone Soup version 0.14-a0-3491-gb7ac591 (webtiles) character file.

3216 MackTheKnife the Conjurer (level 9, 0/57 HPs)
             Began as a Mummy Wizard on Mar 25, 2014.
             Was an Elder of Sif Muna.
             Slain by an ogre
             ... wielding a +0,+0 giant club
              (30 damage)
             ... on Level 8 of the Dungeon.
             The game lasted 00:29:52 (10317 turns).

MackTheKnife the Conjurer (Mummy Wizard)           Turns: 10317, Time: 00:29:52

HP   0/57        AC  7     Str 13      XL: 9   Next: 61%
MP   9/24        EV 10     Int 23      God: Sif Muna [****..]
Gold 92          SH  0     Dex 10      Spells:  7 memorised,  2 levels left

rFire  . . .     SeeInvis .     g - +10,+9 cutlass of War {speed, rF+ Str+3 Int+2}
rCold  + + .     Clarity  .     i - +3 leather armour {rC+}
rNeg   + + +     Conserve .     (no shield)
rPois  +         rCorr    .     b - +1 hat
rElec  .         rRot     +     (no cloak)
SustAb . .       Spirit   .     (no gloves)
rMut   .         Warding  +     (no boots)
Saprov . . .     Stasis   .     x - amulet of warding
MR     +....                    v - +1 ring of intelligence
                                h - ring of wizardry

@: somewhat resistant to hostile enchantments, unstealthy
A: no food or potions, fire vulnerability, restore body, cold resistance 1, life
protection 3, poison resistance, torment resistance, unbreathing
a: Channel Energy, Forget Spell, Renounce Religion


You were on level 8 of the Dungeon.
You worshipped Sif Muna.
Sif Muna was greatly pleased with you.
You were not hungry.

You visited 2 branches of the dungeon, and saw 9 of its levels.

You collected 414 gold pieces.
You spent 322 gold pieces at shops.


Innate Abilities, Weirdness & Mutations

You do not eat or drink.
Your flesh is vulnerable to fire.
Your flesh is cold resistant.
You are immune to negative energy.
Your system is resistant to poisons.
You are immune to unholy pain and torment.
You can survive without breathing.


   Skills:
 - Level 1.5 Dodging
 - Level 1.5 Stealth
 - Level 7.1 Spellcasting
 + Level 8.8 Conjurations
 + Level 3.8 Charms
 - Level 0.7 Summonings
 - Level 0.7 Translocations


You had 2 spell levels left.
You knew the following spells:

 Your Spells              Type           Power        Failure   Level  Hunger
b - Blink                 Tloc           N/A          4%          2    N/A
c - Mephitic Cloud        Conj/Pois/Air  ###.....     4%          3    N/A
v - Iskenderun's Mystic   Conj           #####...     1%          4    N/A
x - Call Imp              Summ           ##........   4%          2    N/A
y - Conjure Flame         Conj/Fire      ####....     1%          3    N/A
z - Magic Dart            Conj           ####         1%          1    N/A
Z - Iskenderun's Battles  Conj/Chrm      #####...     7%          5    N/A

Inventory:

Hand weapons
 g - the +10,+9 cutlass of War (weapon) {speed, rF+ Str+3 Int+2}
   (You bought it in a shop on level 8 of the Dungeon)

   Attacks with this weapon are significantly faster.
   It affects your strength (+3).
   It affects your intelligence (+2).
   It protects you from fire.
Armour
 b - a +1 hat (worn)
 i - a +3 leather armour of cold resistance (worn)
Magical devices
 a - a wand of frost (8)
Scrolls
 e - 2 scrolls of remove curse
 j - 2 scrolls of identify
 k - 2 scrolls of fog
 n - a scroll of recharging
 o - 2 scrolls of enchant armour
 p - 2 scrolls of teleportation
 r - 3 scrolls of enchant weapon II
 w - a scroll of blinking
Jewellery
 h - a ring of wizardry (left hand)
 t - an uncursed ring of invisibility
 u - a +3 ring of strength
 v - a +1 ring of intelligence (right hand)
 x - an amulet of warding (around neck)
 y - a +3 ring of dexterity
Books
 c - a book of Minor Magic

   Spells                             Type                      Level
   *Magic Dart                        Conjuration                  1
   *Blink                             Translocation                2
   *Call Imp                          Summoning                    2
   Repel Missiles                     Charms/Air                   2
   Slow                               Hexes                        2
   *Conjure Flame                     Conjuration/Fire             3
   *Mephitic Cloud                    Conjuration/Poison/Air       3
 l - a book of Conjurations

   Spells                             Type                      Level
   *Magic Dart                        Conjuration                  1
   Searing Ray                        Conjuration                  2
   Dazzling Spray                     Conjuration/Hexes            3
   Fulminant Prism                    Conjuration/Hexes            4
   *Iskenderun's Mystic Blast         Conjuration                  4
   *Iskenderun's Battlesphere         Conjuration/Charms           5
 q - a book of Burglary

   Spells                             Type                      Level
   Apportation                        Translocation                1
   Swiftness                          Charms/Air                   2
   Passwall                           Transmutation/Earth          3
   Passage of Golubria                Translocation                4
   Lee's Rapid Deconstruction         Earth                        5
   Darkness                           Hexes                        7
Magical staves
 s - an uncursed staff of energy {!a}
 z - an uncursed staff of summoning

······▒▒▒·▒··≈##≈≈≈·▒▒·▒▒·····<··
······▒ ·#≈≈··≈≈·▒▒·▒▒···((···
▒▒'▒▒▒▒ ▒··#≈>≈≈#····▒▒········
▒·▒▒ ··≈≈··≈≈#·▒▒▒▒▒▒▒▒▒▒▒'▒ ▒··▒
▒·#·≈≈≈≈··▒ ▒··▒ ▒▒▒'▒▒▒
▒▒··≈≈≈≈#··▒ ▒▒·▒▒ ······▒
▒······#··!▒ ▒··▒ ······▒
▒·▒▒▒▒▒▒O▒▒▒ ▒▒▒▒▒·▒▒▒
······▒▒▒▒·)·)·5M···▒ ▒········
······'··▒··········▒▒▒ ▒········
··)···▒▒·'··5·······'·▒▒▒········
······▒▒▒▒··········▒···▒·····^·>
······▒ ▒·····?····▒▒▒·▒···!····
······▒ ▒··········▒ ▒··········
······▒ ▒··········▒ ▒▒▒········
······▒ ▒··········▒ ▒▒▒·▒▒▒▒▒
▒'▒▒▒▒▒ ▒▒▒▒'▒▒▒▒▒▒▒ ▒·▒


You could see an ogre and 2 friendly crimson imps.


Message History

The orb of energy hits the fire drake.
The fire drake is severely wounded.
The orb of energy explodes!
The mystic blast hits your crimson imp.
Your crimson imp is almost dead.
The crimson imp hits your crimson imp.
The fire drake bites you but does no damage.
Aiming: Iskenderun's Mystic Blast
Aim: a fire drake (lava, severely wounded, catching its breath)
The orb of energy hits the fire drake.
You kill the fire drake!
Sif Muna is protecting you from miscast magic.
The orb of energy explodes!
The mystic blast hits the crimson imp.
You kill the crimson imp!
An ogre comes into view. It is wielding a giant club.
Unknown command.
The ogre moves out of view.
There is an open door here.
You start resting.
A hobgoblin comes into view. It is wielding a +1,+1 glaive of venom.
A hobgoblin is nearby!
A hobgoblin is nearby!
The hobgoblin shouts!
The hobgoblin closely misses you.
The hobgoblin hits you with a +1,+1 glaive of venom.
You closely miss the hobgoblin. You slash the hobgoblin!
You kill the hobgoblin!
The ogre hits you with a giant club!
Ouch! That really hurt!
You die...

Action                   |  1- 3 |  4- 6 |  7- 9 || total
-------------------------+-------+-------+-------++-------
Melee: Whip              |    11 |       |       ||    11
       Mace              |    36 |       |       ||    36
       Hand axe          |    65 |   124 |     3 ||   192
       Morningstar       |       |    18 |       ||    18
       Glaive            |       |       |    25 ||    25
       Cutlass           |       |       |    17 ||    17
 Cast: Magic Dart        |    30 |   112 |   171 ||   313
       Call Imp          |    14 |    21 |    17 ||    52
       Conjure Flame     |     1 |     8 |    25 ||    34
       Mephitic Cloud    |       |       |    22 ||    22
       Iskenderun's Myst |       |       |    34 ||    34
Invok: Channel Energy    |       |       |    49 ||    49
Evoke: Staff of energy   |       |       |    21 ||    21
  Use: Scroll            |     7 |     8 |     9 ||    24
 Stab: Sleeping          |       |     1 |       ||     1

Vault maps used:
D:1:      mrwooster_arrival_statue_3, hangedman_decor_points,
          hangedman_glass_teeth
D:2:      nicolae_overflow_hidden_temple, uniq_iyjb
D:3:      kennysheep_generic_room_15
D:4:      gammafunk_temple_overflow_elements, serial_shops,
          kennysheep_mini_moat, minivault_4
D:5:      first_bread, bloody_makhleb
D:6:      minmay_temple_entry_grid, minmay_unpleasant_kobolds
D:7:      grunt_livestock
D:8:      minmay_lair_entry_lava, serial_shops,
          nicolae_shop_temple_entry_statues_fountains, grunt_decor_resistance,
          uniq_blork_the_orc
Temple:   zaba_magenta_temple_12

Notes
Turn   | Place    | Note
--------------------------------------------------------------
     0 | D:1      | MackTheKnife, the Mummy Wizard, began the quest for the Orb.
     0 | D:1      | Reached XP level 1. HP: 13/13 MP: 4/4
    96 | D:1      | Reached skill level 1 in Conjurations
   559 | D:1      | Reached XP level 2. HP: 19/19 MP: 3/6
   619 | D:1      | Learned a level 2 spell: Call Imp
  1603 | D:2      | Reached skill level 2 in Conjurations
  1630 | D:2      | Noticed Ijyb
  1637 | D:2      | Reached XP level 3. HP: 22/24 MP: 0/8
  1654 | D:2      | Killed Ijyb
  2008 | D:2      | Learned a level 3 spell: Conjure Flame
  2520 | D:3      | Reached XP level 4. HP: 21/30 MP: 2/9
  2659 | D:3      | Learned a level 3 spell: Mephitic Cloud
  3267 | D:4      | Reached skill level 3 in Conjurations
  3621 | D:4      | Found Nopaopie's Gadget Shop.
  3952 | D:4      | Paralysed by a giant eyeball for 4 turns
  3968 | D:4      | Found a bloodstained altar of Trog.
  3968 | D:4      | Found a radiant altar of Vehumet.
  3994 | D:5      | Entered Level 5 of the Dungeon
  4144 | D:4      | Reached skill level 4 in Spellcasting
  4144 | D:4      | Reached XP level 5. HP: 25/35 MP: 4/13
  4768 | D:5      | Noticed an ogre
  4783 | D:5      | Killed an ogre
  4783 | D:5      | Reached skill level 4 in Conjurations
  4783 | D:5      | Reached XP level 6. HP: 41/41 MP: 6/15
  5207 | D:5      | Reached skill level 5 in Conjurations
  5292 | D:5      | Found a burning altar of Makhleb.
  5694 | D:5      | Learned a level 2 spell: Blink
  5981 | D:6      | Reached XP level 7. HP: 35/46 MP: 5/17
  6134 | D:6      | Found a staircase to the Ecumenical Temple.
  6143 | Temple   | Entered the Ecumenical Temple
  6161 | Temple   | Became a worshipper of Sif Muna the Loreminder
  6612 | D:6      | Reached skill level 6 in Conjurations
  6770 | D:6      | Learned a level 4 spell: Iskenderun's Mystic Blast
  7063 | D:6      | Reached skill level 5 in Spellcasting
  7198 | D:6      | Acquired Sif Muna's first power
  7531 | D:6      | Reached XP level 8. HP: 52/52 MP: 9/20
  8120 | D:7      | Reached skill level 6 in Spellcasting
  8272 | D:7      | Acquired Sif Muna's second power
  8272 | D:7      | Reached skill level 7 in Conjurations
  8549 | D:7      | Reached skill level 7 in Spellcasting
  8821 | D:8      | Learned a level 5 spell: Iskenderun's Battlesphere
  8836 | D:8      | Reached XP level 9. HP: 57/57 MP: 18/24
  9026 | D:8      | Noticed Blork the orc
  9040 | D:8      | Killed Blork the orc
  9040 | D:8      | Reached skill level 1 in Charms
  9127 | D:8      | Reached skill level 8 in Conjurations
  9229 | D:8      | Reached skill level 2 in Charms
  9441 | D:8      | Found a staircase to the Lair.
  9441 | D:8      | Noticed a fire drake
  9577 | D:8      | Found Schao's Assorted Antiques.
  9621 | D:8      | Bought a shimmering cutlass for 207 gold pieces
  9621 | D:8      | Bought a small golden amulet for 115 gold pieces
  9622 | D:8      | Identified the +10,+9 cutlass of War {speed, rF+ Str+3 Int+2} (You bought it in a shop on level 8 of the Dungeon)
  9674 | D:8      | Noticed a two-headed ogre
  9694 | D:8      | Killed a two-headed ogre
  9694 | D:8      | Reached skill level 3 in Charms
 10301 | D:8      | Killed a fire drake
 10301 | D:8      | Acquired Sif Muna's third power
 10317 | D:8      | Slain by an ogre

Vanquished Creatures
  A fire drake (D:8)
  A two-headed ogre (D:8)
  A hungry ghost (D:7)
  A yak (D:7)
  A human (D:7)
  A hippogriff (D:8)
  A necrophage (D:8)
  A centaur (D:6)
  A yellow wasp (D:8)
  An orc warrior (D:6)
  4 ogres
  3 big kobolds (D:6)
  Blork the orc (D:8)
  2 giant frogs (D:6)
  2 scorpions
  A water moccasin skeleton (D:6)
  3 killer bees (D:8)
  2 jellies
  2 crimson imps (D:8)
  A giant frog zombie (D:6)
  A goliath beetle (D:7)
  2 hounds (D:5)
  An iguana (D:8)
  3 orc priests
  An elf skeleton (D:8)
  4 orc wizards
  2 worker ants
  3 sheep (D:7)
  3 adders
  2 shadow imps (D:5)
  2 worms
  An adder zombie (D:8)
  A gnoll skeleton (D:6)
  2 giant eyeballs
  4 giant geckos
  21 orcs
  A ball python (D:6)
  3 giant cockroaches
  10 hobgoblins
  2 jackals (D:3)
  3 quokkas
  9 bats
  3 giant newts
  11 goblins
  A goblin skeleton (D:4)
  A goblin zombie (D:5)
  A hobgoblin zombie (D:5)
  A jackal skeleton (D:4)
  16 kobolds
  An orc zombie (D:8)
  10 rats
157 creatures vanquished.

Vanquished Creatures (collateral kills)
  A killer bee (D:8)
  3 crimson imps
  An orc wizard (D:8)
  2 worker ants
  Ijyb (D:2)
  A hound skeleton (D:7)
  3 adders
  A worm (D:2)
  A giant gecko (D:3)
  2 orcs (D:7)
  3 goblins
  A hobgoblin (D:3)
  A jackal (D:3)
  A bat (D:2)
  A giant newt (D:7)
  3 kobolds
  A rat (D:3)
27 creatures vanquished.

Vanquished Creatures (others)
  2 killer bees (D:8)
  A crimson imp (D:6)
  A white imp (D:8)
4 creatures vanquished.

Grand Total: 188 creatures vanquished
